 Dungeon Crawl Stone Soup version 0.27-a0-1136-g0b992a5a9d (webtiles) character file.

Game seed: 6503116020257578959

7 1player the Skirmisher (level 1, 0/19 HPs)
             Began as a Palentonga Abyssal Knight on May 5, 2021.
             Was an Initiate of Lugonu.
             Succumbed to a kobold's poison
             ... on level 1 of the Dungeon.
             The game lasted 00:00:42 (310 turns).

1player the Skirmisher (Palentonga Abyssal Knight)   Turns: 310, Time: 00:00:43

Health: 0/19       AC:  4    Str: 15    XL:     1   Next: 91%
Magic:  2/2        EV:  9    Int: 12    God:    Lugonu [......]
Gold:   6          SH:  0    Dex:  9    Spells: 0/0 levels left

rFire    . . .     SeeInvis +   a - +1 spear
rCold    . . .     Faith    .   (no shield)
rNeg     . . .     Spirit   .   b - +0 leather armour
rPois    .         Reflect  .   (no helmet)
rElec    .         Harm     .   (no cloak)
rCorr    .         Rampage  .   (no gloves)
Will     .....                  (no barding)
Stlth    +.........             (no amulet)
HPRegen  0.06/turn              (no ring)
MPRegen  0.08/turn              (no ring)

@: lethally poisoned (0 -> -11)
A: large, rugged brown scales 3, see invisible, deformed body, roll 1, armoured
tail
a: Rolling Charge, Renounce Religion


You were on level 1 of the Dungeon.
You worshipped Lugonu.
Lugonu was noncommittal.
You visited 1 branch of the dungeon, and saw 1 of its levels.
You visited the Abyss 1 time.

You collected 6 gold pieces.

Inventory:

Hand Weapons
 a - a +1 spear (weapon)
Armour
 b - a +0 leather armour (worn)
Scrolls
 c - a scroll of noise {unknown}


   Skills:
 + Level 3.5 Fighting
 - Level 1.7 Polearms
 - Level 1.5 Armour
 - Level 0.7 Dodging
 - Level 2.0 Invocations


You couldn't memorise any spells.
You didn't know any spells.
Your spell library was empty.

Dungeon Overview and Level Annotations

Branches:
Dungeon (1/15)

Altars:


Innate Abilities, Weirdness & Mutations

You are completely covered in rugged brown scales. (AC +3, +7% HP)
You have supernaturally acute eyesight. (SInv)
Armour fits poorly on your strangely shaped body.
You can roll at nearby foes to attack.
You have a long armoured tail.


Message History

A bat comes into view.
You see here 11 gold pieces.
A giant cockroach comes into view.
The bat hits you but does no damage. The bat closely misses you.
The bat hits you. The bat closely misses you.
The giant cockroach barely misses you. The bat closely misses you.
The bat barely misses you. The bat closely misses you.
The bat closely misses you. The bat hits you. x2
The bat barely misses you. The bat completely misses you.
You miss the bat. The bat hits you but does no damage.
You closely miss the bat. The bat hits you but does no damage.
The bat hits you.
You closely miss the bat. The bat hits you but does no damage.
You hit the bat.
You kill the bat!
Lugonu accepts your kill.
You hit the giant cockroach.
The giant cockroach is severely wounded.
The giant cockroach bites you but does no damage.
You hit the giant cockroach.
You kill the giant cockroach!
Lugonu accepts your kill.
You barely miss the kobold. The kobold hits you but does no damage.
You are poisoned.
You feel sick.
You feel sick.
You feel sick.
The kobold hits you with a +2 whip of venom.
You are lethally poisoned!
Okay, then.
You aren't carrying any potions.
Unknown command.
Unknown command.
* * * LOW HITPOINT WARNING * * *
You feel very sick.
You die...

#. #PP≈##.##.. #.
#≈P≈...##.#
#...P≈≈#####.##.#
#.##P≈P #.##.# #......
#. #PP≈
###.##.######..... P##
#...#.............
##.###................
.........#.######.....
#######@#### #.##K#
#...# #.##†#
.#####.K#######.##.#
#..........†..#.##.#
#.#####.#####.#.##$#
#.#####.#.##.###
###.##............
#...##.##.#†...###
#.#.##.##.#>.###


You could see a kobold.

Vanquished Creatures
  An endoplasm (D:1)
  A giant cockroach (D:1)
  A goblin (D:1)
  A quokka (D:1)
  A bat (D:1)
  2 rats (D:1)
7 creatures vanquished.

Notes
Turn   | Place    | Note
-------+----------+-------------------------------------------
     0 | Abyss:1  | 1player the Palentonga Abyssal Knight began the quest for
                  | the Orb.
     0 | Abyss:1  | Reached XP level 1. HP: 19/19 MP: 2/2
    28 | Abyss:1  | Found a corrupted altar of Lugonu.
    38 | Abyss:1  | Noticed a small abomination
    46 | Abyss:1  | Noticed a quasit
    48 | D:1      | Escaped the Abyss
   310 | D:1      | Succumbed to a kobold's poison

Illustrated notes

Levels and vault maps discovered:
D:1:      psy_arrival_conway, layout_loops_ring, ebering_ecumenical_altar_webs,
          kennysheep_decorative_pillar, nrook_loot_triangle

Action                   || total
-------------------------++-------
Melee: Spear             ||    21
       Tailslap          ||     2
Invok: Depart the Abyss  ||     1
 Abil: Rolling Charge    ||     1
Armor: Leather armour    ||     7
Dodge: Dodged            ||    13

Table legend: (Time is in decaauts)
 A = Elapsed time spent in this place.
 B = Non-inter-level travel time spent in this place.
 C = Inter-level travel time spent in this place.
 D = Time resting spent in this place.
 E = Time spent auto-exploring this place.
 F = Levels seen in this place.
 G = Mean time per level.
                   A        B        C        D        E       F      G
               +--------+--------+--------+--------+--------+-----+--------+
         Total |    311 |    311 |      0 |    167 |     81 |   2 |  155.5 |
       Dungeon |    263 |    263 |      0 |    167 |     44 |   1 |  263.0 |
         Abyss |     48 |     48 |      0 |      0 |     37 |   1 |   48.0 |
               +--------+--------+--------+--------+--------+-----+--------+

Top non-repeatable levels by time:
     D:1: 263 daAuts
 Abyss:1: 48 daAuts
